 Dungeon Crawl Stone Soup version 0.27.1-1-g398f81649c (webtiles) character file.

Game seed: 6030670137033562971

58216 Mesmaeker13 the Convoker (level 14, -3/93 HPs)
             Began as a Barachi Summoner on Sept 7, 2021.
             Was the Champion of Cheibriados.
             Killed from afar by an ogre mage (14 damage)
             ... with a bolt of magma
             ... on level 15 of the Dungeon.
             The game lasted 01:09:54 (31598 turns).

Mesmaeker13 the Convoker (Barachi Summoner)        Turns: 31598, Time: 01:09:54

Health: -3/93      AC: 17    Str: 26    XL:     14   Next: 89%
Magic:  13/28      EV: 24    Int: 35    God:    Cheibriados [******]
Gold:   1362       SH: 12    Dex: 30    Spells: 13/33 levels left

rFire    + . .     SeeInvis .   B - +0 trident (vamp)
rCold    + . .     Faith    .   A - +0 buckler {AC+3}
rNeg     . . .     Spirit   .   J - +2 robe {rF+}
rPois    .         Reflect  +   G - +2 helmet
rElec    .         Harm     .   l - +0 cloak
rCorr    .         Rampage  .   S - +2 pair of gloves {Dex+3}
Will     ++...                  N - +1 pair of boots
Stlth    +++.......             F - amulet of reflection
HPRegen  0.25/turn              b - ring of willpower
MPRegen  0.21/turn              Y - ring of protection from cold

@: unable to hop, very slow
A: amphibious, slowness 1, strong legs 2, +LOS
a: Hop, Renounce Religion, Bend Time, Temporal Distortion, Slouch, Step From
Time


You were on level 15 of the Dungeon.
You worshipped Cheibriados.
Cheibriados was exalted by your worship.
You visited 4 branches of the dungeon, and saw 24 of its levels.

You collected 2344 gold pieces.
You spent 982 gold pieces at shops.

Inventory:

Hand Weapons
 f - a +2 flail of holy wrath
 g - a +4 scimitar of flaming
 B - a +0 vampiric trident (weapon)
Missiles
 o - 2 throwing nets
Armour
 a - a +2 robe of willpower
 h - +0 fire dragon scales
 l - a +0 cloak (worn)
 n - a +0 troll leather armour
 A - a +0 buckler of protection (worn)
 G - a +2 helmet (worn)
 J - a +2 robe of fire resistance (worn)
 N - a +1 pair of boots (worn)
 S - a +2 pair of gloves of dexterity (worn)
Jewellery
 b - a ring of willpower (left hand)
 j - a +6 ring of intelligence
 y - a ring of resist corrosion
 F - an amulet of reflection (around neck)
 R - an amulet of regeneration
 Y - a ring of protection from cold (right hand)
Wands
 z - a wand of acid (4)
 K - a wand of digging (12)
Scrolls
 c - 6 scrolls of blinking
 d - 3 scrolls of silence {unknown}
 e - 4 scrolls of noise
 i - 5 scrolls of teleportation
 k - 2 scrolls of magic mapping
 m - 4 scrolls of torment {unknown}
 p - 2 scrolls of fear
 q - a scroll of summoning {unknown}
 r - a scroll of enchant armour
 t - 2 scrolls of fog {unknown}
 x - 5 scrolls of enchant weapon
 I - a scroll of amnesia
 M - 2 scrolls of identify
 U - a scroll of holy word {unknown}
 V - 2 scrolls of immolation
Potions
 s - 10 potions of ambrosia
 u - 4 potions of attraction {unknown}
 v - 4 potions of lignification
 w - 5 potions of curing
 C - 4 potions of mutation {unknown}
 D - 6 potions of haste
 E - 5 potions of flight {unknown}
 H - 2 potions of magic
 L - 2 potions of invisibility {unknown}
 Q - 4 potions of might {unknown}
 T - 3 potions of resistance {unknown}
 W - 6 potions of brilliance {unknown}
Miscellaneous
 X - a phantom mirror


   Skills:
 - Level 3.4 Fighting
 - Level 7.0 Armour
 - Level 11.1 Dodging
 - Level 1.7 Stealth
 + Level 4.7 Shields
 - Level 10.3 Spellcasting
 + Level 15.2 Summonings
 + Level 8.9 Translocations
 - Level 9.0 Air Magic
 + Level 10.0 Invocations


You had 13 spell levels left.
You knew the following spells:

 Your Spells              Type           Power      Damage    Failure   Level
a - Summon Forest         Summ/Tloc      40%        N/A       1%          5
b - Call Imp              Summ           90%        N/A       0%          2
c - Call Canine Familiar  Summ           90%        N/A       0%          3
d - Summon Lightning Spi  Summ/Air       80%        N/A       1%          4
e - Shadow Creatures      Summ           N/A        N/A       1%          6

Your spell library contained the following spells:

 Spells                   Type           Power      Damage    Failure   Level
 Summon Small Mammal      Summ           100%       N/A       0%          1
 Static Discharge         Conj/Air       49%        N/A       1%          2
 Mephitic Cloud           Conj/Pois/Air  39%        N/A       1%          3
 Summon Guardian Golem    Hex/Summ       64%        N/A       1%          3
 Summon Ice Beast         Ice/Summ       64%        N/A       1%          4
 Magic Dart               Conj           72%        1d6       2%          1
 Ensorcelled Hibernation  Hex/Ice        36%        N/A       3%          2
 Sublimation of Blood     Necr           9%         N/A       3%          2
 Summon Mana Viper        Hex/Summ       64%        N/A       3%          5
 Monstrous Menagerie      Summ           45%        N/A       3%          7
 Dazzling Flash           Conj/Hex       36%        N/A       7%          3
 Spider Form              Tmut/Pois      9%         N/A       7%          3
 Lightning Bolt           Conj/Air       24%        1d40      11%         5
 Silence                  Hex/Air        24%        N/A       11%         5
 Petrify                  Tmut/Erth      18%        N/A       24%         4
 Agony                    Necr           18%        N/A       54%         5
 Irradiate                Conj/Tmut      9%         3d17      54%         5
 Lee's Rapid Deconstruct  Erth           9%         3d8*      54%         5
 Statue Form              Tmut/Erth      12%        N/A       98%         6
 Maxwell's Capacitive Co  Air            34%        ∞         98%         8
 Lehudib's Crystal Spear  Conj/Erth      9%         10d4      100%        8


Dungeon Overview and Level Annotations

Branches:
Dungeon (15/15)            Temple (1/1) D:6            Lair (6/6) D:9
 Shoals (0/4) Lair:2        Snake (0/4) Lair:3        Slime (0/5) Lair:5
    Orc (2/2) D:12            Elf (0/3) Orc:2        Vaults (0/5) D:14
 Depths (0/5) D:15

Altars:
Ashenzari
Cheibriados
Dithmenos
Elyvilon
Fedhas
Gozag
Hepliaklqana
Kikubaaqudgha
Makhleb
Nemelex Xobeh
Okawaru
Qazlal
Ru
Sif Muna
Trog
Uskayaw
Vehumet
Wu Jian
Xom
Yredelemnul
Zin
The Shining One
Beogh
Jiyva

Shops:
D:7 [*?**   D:13 :   D:14 [   Orc:2 ([*=*

Annotations:
D:7 2 transporters, Shym's ghost, novice BaVM
D:10 4 runed translucent doors
Lair:1 exclusion: orange crystal statue


Innate Abilities, Weirdness & Mutations

You are amphibious.
You cover ground slowly.
You can hop long distances.
You have an extended range of vision and can be seen from far away.


Message History

Something hits you but does no damage. You block the two-headed ogre's attack.
The two-headed ogre closely misses you.
Unknown command.
You block something's attack.
The two-headed ogre hits you with a +0 giant club!
The two-headed ogre hits you with a +0 dire flail!
* * * LOW HITPOINT WARNING * * *
Unknown command.
Unknown command.
Casting: Shadow Creatures (dangerous; 1% risk of failure)
Confirm with . or Enter, or press ? or * to list all spells.
An electric hum fills the air.
You are ready to hop once more.
You block something's attack. The two-headed ogre closely misses you.
You block the two-headed ogre's attack.
Unknown command.
Something hits you.
* * * LOW HITPOINT WARNING * * *
You block the two-headed ogre's attack. The two-headed ogre closely misses you.
Something hits you but does no damage.
The two-headed ogre hits you with a +0 giant club!
* * * LOW HITPOINT WARNING * * *
You block the two-headed ogre's attack.
Hop to where?
Press: ? - help, Dir - move target Boing!
Unknown command.
The two-headed ogre is no longer moving quickly.
The two-headed ogre seems to speed up.
Your lightning spire shoots out a bolt of lightning at the two-headed ogre!
The bolt of electricity hits the two-headed ogre!
The two-headed ogre dies!
Cheibriados thoroughly appreciates the change of pace.
Something tries to affect you, but you resist.
Your Invocations skill increases to level 10!
Space becomes stable.
You hear some strange, mumbled words.
A bolt of magma appears from out of thin air!
The bolt of magma hits you! You partially resist.
You die...

..............#
....#.#......###
....###........##
.....#♣♣.....♣..#
....♣♣♣..#....#.##
..P.8...###...#..#
...8.............#####
.)...................#
......).........@....#
8..≈≈≈.))..8.{.......#
...≈≈...P...)........###
.))>≈≈8P...............##
..♣≈≈≈≈≈................#
.).)≈≈.................##
.♣.≈≈≈≈.............####
.8♣..♣8..8...........#
...♣..♣.......#......##


You could see a friendly lightning spire (summoned).

Vanquished Creatures
  The ghost of MeltyBlood the Destroyer, a journeyman TeCj of Uskayaw (D:13)
  A hydra (D:13)
  A centaur warrior (D:13)
  2 two-headed ogres (D:15)
  An orc high priest (Orc:2)
  Pikel (D:7)
  An orc sorcerer (Orc:2)
  A frost giant zombie (D:15)
  An ugly thing (D:12)
  2 oklob plants (Lair:5)
  2 cyclopes
  A centaur zombie (D:11)
  An elephant (Lair:3)
  2 cane toads
  A yaktaur (shapeshifter) (D:13)
  2 trolls
  Prince Ribbit (D:7)
  2 blink frogs (Lair:6)
  A hornet (D:10)
  A dream sheep (Lair:6)
  4 slime creatures
  A wyvern (Lair:4)
  3 yaks
  A basilisk (Lair:5)
  2 vampire mosquitoes (D:13)
  A water moccasin (Lair:3)
  A hell hound (Orc:2)
  6 orc warriors
  2 ogres
  A wolf (Lair:5)
  A necrophage (D:4)
  A centaur (D:13)
  A kobold brigand (D:7)
  4 bullfrogs
  6 killer bees
  2 electric eels
  A howler monkey (D:10)
  3 hounds
  A jelly (D:6)
  3 orc priests
  A bullfrog zombie (D:4)
  A human zombie (D:4)
  An iguana (Lair:6)
  5 orc wizards
  A hound zombie (D:4)
  A hound skeleton (D:5)
  3 adders
  A gnoll (D:6)
  2 ufetubi
  An adder zombie (D:4)
  A worm (D:3)
  30 orcs
  A ball python (D:1)
  2 endoplasms
  6 goblins
  2 hobgoblins
  A jackal (D:4)
  4 kobolds
  A bat (D:3)
  2 frilled lizards (D:3)
  2 rats (D:3)
140 creatures vanquished.

Vanquished Creatures (collateral kills)
  Rupert (Lair:4)
  Frances (D:12)
  Kirke (D:13)
  Roxanne (D:14)
  2 orc warlords (Orc:2)
  A dire elephant (Lair:6)
  Azrael (Orc:2)
  Nessos (D:14)
  Snorg (D:14)
  A fire dragon (Lair:6)
  3 boulder beetles
  3 catoblepae
  8 hydras
  A vault guard (D:14)
  Erica (D:8)
  6 two-headed ogres
  8 death yaks
  2 tengu warriors
  An orc high priest (Orc:1)
  12 skeletal warriors
  A flayed ghost (D:15)
  A swamp dragon (Lair:6)
  A wizard (D:12)
  3 orc knights
  A necromancer (D:15)
  2 orc sorcerers
  A deep elf pyromancer (D:15)
  5 ugly things
  2 oklob plants (Lair:5)
  7 manticores
  3 cyclopes
  4 black mambas
  A guardian serpent (shapeshifter) (D:14)
  5 elephants
  3 merfolk sirens (Lair:2)
  A frost giant skeleton (D:15)
  An unseen horror (D:13)
  A torpor snail (Lair:6)
  11 cane toads
  2 gargoyles
  A spriggan skeleton (D:15)
  An unseen horror (shapeshifter) (D:14)
  8 rime drakes
  A tengu conjurer (D:14)
  5 komodo dragons
  A merfolk (Lair:2)
  A queen bee (Lair:3)
  A polar bear (Lair:6)
  3 trolls
  7 blink frogs (Lair:6)
  12 slime creatures
  7 dream sheep (Lair:6)
  A deep troll zombie (D:15)
  A shadow (D:10)
  6 wyverns
  A vampire (D:10)
  A human (shapeshifter) (D:14)
  2 basilisks
  2 wraiths
  29 yaks
  4 fire elementals (Orc:2)
  4 hogs (D:13)
  A steam dragon (Lair:6)
  2 wargs
  Menkaure (D:7)
  4 acid dragons
  10 water moccasins
  2 hell hounds (Orc:2)
  24 orc warriors
  Duvessa (D:7)
  A black bear (shapeshifter) (D:14)
  A sky beast (D:6)
  An ice beast (D:6)
  A swamp drake (Lair:6)
  2 black bears
  8 wolves
  9 ogres
  3 centaurs
  A lemure (D:7)
  A kobold brigand (D:11)
  9 bullfrogs
  Dowan (D:7)
  6 wights
  28 killer bees
  2 howler monkeys (D:10)
  3 nameless horrors
  A bullfrog zombie (D:4)
  3 lava snakes (Lair:1)
  2 centaur zombies
  19 orc priests
  2 hounds
  A centaur skeleton (D:7)
  3 jellies (D:13)
  A gnoll shaman (D:5)
  Ijyb (D:5)
  A scorpion zombie (D:4)
  7 iguanas
  28 orc wizards
  A killer bee zombie (D:8)
  A hound skeleton (D:4)
  2 mummies (D:4)
  3 howler monkey zombies
  Robin (D:4)
  14 gnolls
  8 adders
  A shadow imp (D:6)
  3 white imps
  3 worms
  89 orcs
  2 bats
  6 endoplasms
  3 giant cockroaches
  14 goblins
  4 hobgoblins
  4 jackals
  12 kobolds
  2 quokkas (D:1)
  4 ball pythons
  2 frilled lizards (D:3)
  4 rats
585 creatures vanquished.

Vanquished Creatures (others)
  18 fungi
  49 plants
  3 snaplasher vines
  7 withered plants (D:15)
77 creatures vanquished.

Grand Total: 802 creatures vanquished

Notes
Turn   | Place    | Note
-------+----------+-------------------------------------------
     0 | D:1      | Mesmaeker13 the Barachi Summoner began the quest for the
                  | Orb.
     0 | D:1      | Reached XP level 1. HP: 13/13 MP: 3/3
   132 | D:1      | Found a faded altar of an unknown god.
   388 | D:1      | Reached skill level 5 in Summonings
   461 | D:1      | Reached XP level 2. HP: 18/19 MP: 1/5
   975 | D:2      | Learned a level 2 spell: Call Imp
  1273 | D:2      | Noticed a phantom
  1429 | D:3      | Reached XP level 3. HP: 24/24 MP: 4/7
  1433 | D:3      | Learned a level 3 spell: Call Canine Familiar
  2613 | D:4      | Noticed an ogre
  2724 | D:4      | Killed an ogre
  2725 | D:4      | Reached XP level 4. HP: 30/30 MP: 2/8
  2874 | D:4      | Noticed an ogre
  2894 | D:4      | Killed an ogre
  2895 | D:4      | Reached XP level 5. HP: 35/35 MP: 3/10
  2932 | D:4      | Reached skill level 6 in Summonings
  3032 | D:4      | Noticed Robin
  3306 | D:4      | Learned a level 4 spell: Summon Lightning Spire
  3365 | D:4      | Reached skill level 1 in Air Magic
  3365 | D:4      | Reached XP level 6. HP: 41/41 MP: 6/11
  3672 | D:4      | Killed Robin
  4081 | D:4      | Found an iron altar of Okawaru.
  4081 | D:4      | Found a broken altar of Ashenzari.
  4169 | D:4      | Found a basalt altar of Yredelemnul.
  4345 | D:4      | Reached XP level 7. HP: 46/46 MP: 11/13
  4481 | D:5      | Entered Level 5 of the Dungeon
  4597 | D:5      | Reached skill level 5 in Dodging
  4607 | D:5      | Reached skill level 7 in Summonings
  5040 | D:5      | Reached skill level 5 in Spellcasting
  5252 | D:5      | Noticed Ijyb
  5260 | D:5      | Killed Ijyb
  5412 | D:5      | Reached XP level 8. HP: 52/52 MP: 10/15
  6246 | D:6      | Found a staircase to the Ecumenical Temple.
  6256 | Temple   | Entered the Ecumenical Temple
  7560 | D:7      | Noticed Duvessa
  7560 | D:7      | Noticed Dowan
  7572 | D:7      | Killed Duvessa
  7574 | D:7      | Killed Dowan
  7575 | D:7      | Reached skill level 8 in Summonings
  7578 | D:7      | Found Kexegy's Assorted Antiques.
  7818 | D:7      | Noticed a cyclops
  7819 | D:7      | Found Vaawe's Assorted Antiques.
  7851 | D:7      | Found a snail-covered altar of Cheibriados.
  7857 | D:7      | Noticed Prince Ribbit
  8053 | D:7      | Found a transporter.
  8054 | D:7      | Found a bloodstained altar of Trog.
  8054 | D:7      | Found a transporter.
  8055 | D:7      | Noticed Shym's ghost (novice BaVM)
  8067 | D:7      | Noticed a moth of wrath
  8105 | D:7      | Found a stormy altar of Qazlal.
  8641 | D:7      | Reached skill level 5 in Air Magic
  8646 | D:7      | Noticed Pikel
  8659 | D:7      | Killed Pikel
  8660 | D:7      | Reached XP level 9. HP: 44/57 MP: 13/18
  8759 | D:7      | Found Hachail's Armour Emporium.
  8768 | D:7      | Bought a +2 robe of fire resistance for 247 gold pieces
  8785 | D:7      | Found Viwuppai's Magic Scroll Emporium.
  8869 | D:7      | Killed Prince Ribbit
  8911 | D:7      | Found Igiuzeush's Assorted Antiques.
  9009 | D:7      | Found a bloodstained altar of Trog.
  9249 | D:7      | Noticed Menkaure
  9257 | D:7      | Killed Menkaure
  9438 | D:8      | Reached skill level 9 in Summonings
  9699 | D:8      | Noticed a two-headed ogre
  9736 | D:8      | Killed a two-headed ogre
  9928 | D:8      | Noticed Erica
  9948 | D:8      | Killed Erica
 10047 | D:8      | Reached XP level 10. HP: 63/63 MP: 15/21
 10382 | D:7      | Became a worshipper of Cheibriados the Contemplative
 10483 | D:9      | Found a glowing silver altar of Zin.
 10745 | D:9      | Noticed a death yak
 10745 | D:9      | Noticed a death yak
 10760 | D:9      | Killed a death yak
 10761 | D:9      | Reached skill level 10 in Summonings
 10761 | D:9      | Reached skill level 1 in Invocations
 10871 | D:9      | Noticed a death yak
 10872 | D:9      | Noticed a death yak
 10876 | D:9      | Noticed a death yak
 10878 | D:9      | Killed a death yak
 10997 | D:9      | Found a staircase to the Lair.
 10997 | D:9      | You fall into a shaft and drop 1 floor!
 10997 | D:10     | Entered Level 10 of the Dungeon
 11149 | D:10     | Noticed a manticore
 11377 | D:10     | Noticed a gargoyle
 11391 | D:10     | Killed a gargoyle
 11744 | Lair:1   | Entered Level 1 of the Lair of Beasts
 11763 | Lair:1   | Learned a level 6 spell: Shadow Creatures
 12109 | Lair:1   | Noticed an orange crystal statue
 12157 | Lair:1   | Reached * piety under Cheibriados
 12296 | Lair:1   | Noticed a black mamba
 12299 | Lair:1   | Noticed a black mamba
 13015 | Lair:1   | Noticed a cane toad
 13294 | Lair:2   | Found a staircase to the Shoals.
 13294 | Lair:2   | Noticed a merfolk siren
 13294 | Lair:2   | Noticed a merfolk siren
 13294 | Lair:2   | Noticed a merfolk siren
 13301 | Lair:2   | Killed a merfolk siren
 13305 | Lair:2   | Killed a merfolk siren
 13388 | Lair:2   | Killed a merfolk siren
 13389 | Lair:2   | Reached XP level 11. HP: 68/68 MP: 23/23
 13517 | Lair:2   | Reached skill level 11 in Summonings
 13809 | Lair:2   | Reached ** piety under Cheibriados
 14589 | Lair:3   | Noticed a catoblepas
 14596 | Lair:3   | Killed a catoblepas
 14706 | Lair:3   | Noticed a four-headed hydra
 14716 | Lair:3   | Killed a four-headed hydra
 14750 | Lair:3   | Reached skill level 10 in Dodging
 15025 | Lair:3   | Found a staircase to the Snake Pit.
 15332 | Lair:4   | Reached *** piety under Cheibriados
 15413 | Lair:4   | Reached skill level 5 in Invocations
 15459 | Lair:4   | Noticed Rupert
 16175 | Lair:3   | Reached **** piety under Cheibriados
 16350 | Lair:4   | Killed Rupert
 16351 | Lair:4   | Reached skill level 12 in Summonings
 16589 | Lair:4   | Noticed a boulder beetle
 16607 | Lair:4   | Killed a boulder beetle
 16608 | Lair:4   | Reached XP level 12. HP: 62/74 MP: 18/25
 16818 | Lair:4   | Reached skill level 10 in Spellcasting
 17092 | Lair:5   | You fall into a shaft and drop 1 floor!
 17092 | Lair:6   | Entered Level 6 of the Lair of Beasts
 17126 | Lair:5   | Noticed a six-headed hydra
 17160 | Lair:5   | Killed a six-headed hydra
 17445 | Lair:5   | Noticed a death yak
 17450 | Lair:5   | Noticed a death yak
 17454 | Lair:5   | Noticed a death yak
 17458 | Lair:5   | Killed a death yak
 17459 | Lair:5   | Killed a death yak
 17465 | Lair:5   | Killed a death yak
 17578 | Lair:5   | Found a staircase to the Slime Pits.
 17578 | Lair:5   | Found a viscous altar of Jiyva.
 17764 | Lair:5   | Noticed a six-headed hydra
 17766 | Lair:5   | Noticed a five-headed hydra
 17769 | Lair:5   | Killed a six-headed hydra
 17774 | Lair:5   | Killed a five-headed hydra
 18103 | Lair:5   | Identified a scroll of acquirement
 18104 | Lair:5   | Acquired a book of the Dryads
 18115 | Lair:5   | Learned a level 5 spell: Summon Forest
 18951 | Lair:5   | Reached skill level 1 in Armour
 18951 | Lair:5   | Reached skill level 1 in Translocations
 19536 | Lair:6   | Reached skill level 13 in Summonings
 19685 | Lair:6   | Noticed a death yak
 19685 | Lair:6   | Noticed a dire elephant
 19696 | Lair:6   | Killed a dire elephant
 19700 | Lair:6   | Killed a death yak
 19935 | Lair:6   | Reached ***** piety under Cheibriados
 20074 | Lair:6   | Gained mutation: You can hop long distances. [Barachi
                  | growth]
 20074 | Lair:6   | Reached XP level 13. HP: 79/79 MP: 19/27
 20261 | Lair:6   | Noticed a fire dragon
 20277 | Lair:6   | Killed a fire dragon
 20278 | Lair:6   | Reached skill level 5 in Armour
 21011 | Lair:6   | Reached skill level 5 in Translocations
 21631 | D:10     | Found a huge runed translucent gate.
 21631 | D:10     | Found a huge runed translucent gate.
 21631 | D:10     | Found a huge runed translucent gate.
 21631 | D:10     | Found a huge runed translucent gate.
 23213 | D:12     | Reached ****** piety under Cheibriados
 23591 | D:12     | Found a staircase to the Orcish Mines.
 23606 | D:12     | Reached skill level 14 in Summonings
 23935 | D:12     | Noticed Frances
 23954 | D:12     | Killed Frances
 24705 | Orc:1    | Entered Level 1 of the Orcish Mines
 25082 | Orc:1    | Reached skill level 1 in Fighting
 25531 | Orc:2    | Entered Level 2 of the Orcish Mines
 25531 | Orc:2    | Found Omeug's Jewellery Shoppe.
 25622 | Orc:2    | Noticed an orc warlord
 25627 | Orc:2    | Killed an orc warlord
 25808 | Orc:2    | Found Jogeidgh's Assorted Antiques.
 25840 | Orc:2    | Found a shimmering altar of Xom.
 25855 | Orc:2    | Noticed Azrael
 25862 | Orc:2    | Killed Azrael
 25887 | Orc:2    | Found a staircase to the Elven Halls.
 26084 | Orc:2    | Noticed an orc warlord
 26094 | Orc:2    | Killed an orc warlord
 26095 | Orc:2    | Reached XP level 14. HP: 81/93 MP: 8/28
 26295 | Orc:2    | Found Qoveja Uqaa's Antique Armour Shoppe.
 26297 | Orc:2    | Found Zuanwat's Antique Weapon Emporium.
 26517 | Orc:2    | Found Seurucio's Assorted Antiques.
 26522 | Orc:2    | Bought a pair of heavily runed boots for 313 gold pieces
 26522 | Orc:2    | Identified the +0 pair of boots of the Untouchables {Harm
                  | Drain rC- Str+9} (You bought it in a shop on level 2 of the
                  | Orcish Mines)
 26522 | Orc:2    | Bought a shiny buckler for 247 gold pieces
 26985 | Orc:2    | Bought an embroidered hat for 175 gold pieces
 27539 | D:13     | Reached skill level 1 in Shields
 27795 | D:13     | Noticed Kirke
 27809 | D:13     | Noticed a sphinx
 27930 | D:13     | Killed Kirke
 27952 | D:13     | Found Hasisuc's Book Emporium.
 28162 | D:13     | Found a runed translucent gate.
 28162 | D:13     | Found a runed translucent gate.
 28163 | D:13     | Found a runed translucent gate.
 29057 | D:13     | Noticed MeltyBlood's ghost (journeyman TeCj)
 29060 | D:13     | Found a viscous altar of Jiyva.
 29085 | D:13     | Killed MeltyBlood's ghost
 29270 | D:14     | Found Qebisa's Armour Shoppe.
 29378 | D:14     | Noticed Nessos
 29385 | D:14     | Killed Nessos
 29545 | D:14     | Found a gate to the Vaults.
 29579 | D:14     | Found a hide-covered altar of Uskayaw.
 30046 | D:14     | Noticed Snorg
 30059 | D:14     | Killed Snorg
 30060 | D:14     | Reached skill level 15 in Summonings
 30173 | D:14     | HP: 2/93 [skeletal warrior[a skeletal warrior] (9)]
 30522 | D:14     | Identified Roxanne's Catalogue of Stones
 30522 | D:14     | Noticed Roxanne
 30739 | D:14     | Killed Roxanne
 30933 | D:15     | Entered Level 15 of the Dungeon
 31227 | D:15     | Found a staircase to the Depths.
 31597 | D:15     | Reached skill level 10 in Invocations
 31598 | D:15     | Killed from afar by an ogre mage

Illustrated notes

Levels and vault maps discovered:
D:1:      dpeg_arrival_windows_large_door, layout_loops_ring,
          hellmonk_ecumenical_altar_leap_of_faith,
          hangedman_abyss_or_decor_lesser_grid, minmay_door_square
D:2:      layout_rooms, nrook_loot_triangle, serial_park_tiny_2, corner_web_ring
D:3:      layout_basic
D:4:      layout_cave_pools, lemuel_mausoleum_altar_yredelemnul,
          amethyst_overflow_temple_binary, minmay_increasing_density, uniq_robin
D:5:      layout_cave_pods, uniq_ijyb
D:6:      layout_gridville, lemuel_temple_firewalk_b
D:7:      layout_cave_pods, grunt_qazlal_clouds, nicolae_overflow_hidden_temple,
          trog_three_pillars_becter, serial_shops, shop,
          nicolae_shop_statue_plus, nicolae_shop_waterfront, nicolae_shop_stone,
          nicolae_shop_overgrown_old_shop, gammafunk_ghost_wrathful_warriors,
          kennysheep_generic_room_12, uniq_menkaure, uniq_duvessa,
          uniq_prince_ribbit1, uniq_pikel
D:8:      layout_cave_pools, uniq_erica
D:9:      layout_cave_pools, zin_academy, dpeg_lair_monsters
D:10:     lemuel_bear_cage, layout_stronghold, minmay_circle_x
D:11:     layout_long_grid
D:12:     layout_long_grid, david_orc_5, uniq_frances
D:13:     layout_basic, gammafunk_ghost_ooze, serial_shops, shop_fountains,
          uniq_kirke
D:14:     layout_basic, david_vaults_5, nicolae_uskayaw_en_pointe, serial_shops,
          nicolae_shop_crystal, uniq_snorg, uniq_roxanne, uniq_nessos
D:15:     gammafunk_depths_entry_grave, layout_cave_pools,
          roderic_serpentine_path
Temple:   regret_index_temple_generic_petals
Lair:1:   layout_chaotic_city, disabler_island, serial_bayou_shore_a
Lair:2:   layout_loops_ring, elwin_shoals_entry_stream
Lair:3:   layout_cellular_growth, dummy_snake_entry, special_room
          [special_room_bee], serial_bayou_shore_b
Lair:4:   layout_gridlike, nicolae_quartered_pool_little, grunt_megastairs_3,
          uniq_rupert
Lair:5:   layout_roguey, slime_altar_1, minmay_lair_oklob_chamber
Lair:6:   hangedman_lair_in_review, layout_hall_layers, guppyfry_lair_end_dragon
Orc:1:    layout_caves, basic_altar
Orc:2:    grunt_orc_community_town_hall, layout_caves,
          grunt_orc_community_big_house_2, grunt_orc_community_big_house_2,
          grunt_orc_community_house_3, grunt_orc_community_house_3,
          grunt_orc_community_house_1, grunt_orc_community_house_1,
          grunt_orc_community_house_1, grunt_orc_community_house_2, basic_altar,
          minmay_shop_enchanted_jewellery, uniq_azrael

Skill      XL: |  1  2  3  4  5  6  7  8  9 10 11 12 13 14 |
---------------+-------------------------------------------+-----
Summonings     | 5 6 7 8 9 10 12 13 14 15 | 15.2
Dodging        | 3 4 5 6 8 9 10 11 | 11.1
Spellcasting   | 3 4 5 6 7 8 9 10 | 10.3
Air Magic      | 1 2 3 5 6 7 9 |  9.0
Invocations    | 3 5 7 9 10 | 10.0
Armour         | 4 7 |  7.0
Translocations | 4 7 8 |  8.9
Fighting       | 3 |  3.4
Shields        | 4 |  4.7
Stealth        | |  1.7

Action                   |  1- 3 |  4- 6 |  7- 9 | 10-12 | 13-15 || total
-------------------------+-------+-------+-------+-------+-------++-------
Melee: Dagger            |    10 |       |       |       |       ||    10
       Unarmed           |     2 |       |       |       |       ||     2
       Flail             |    31 |       |    10 |       |       ||    41
       Spear             |     2 |    71 |   141 |   192 |   233 ||   639
       Scimitar          |       |       |       |       |    49 ||    49
       Trident           |       |       |       |       |    18 ||    18
 Cast: Summon Small Mamm |    33 |     1 |       |     1 |       ||    35
       Call Imp          |    26 |    24 |     8 |       |       ||    58
       Call Canine Famil |     3 |     7 |    21 |    50 |    68 ||   149
       Summon Lightning  |       |     1 |    37 |   105 |   105 ||   248
       Shadow Creatures  |       |       |       |    33 |    66 ||    99
       Summon Forest     |       |       |       |     2 |    12 ||    14
Invok: Bend Time         |       |       |       |     3 |       ||     3
       Slouch            |       |       |       |     1 |     1 ||     2
 Abil: Hop               |       |     4 |     3 |     7 |     9 ||    23
Evoke: Wand              |       |       |     4 |    14 |       ||    18
  Use: Scroll            |     1 |       |     9 |    11 |     4 ||    25
       Potion            |       |       |     1 |     7 |     5 ||    13
 Stab: Sleeping          |     3 |     2 |     3 |     1 |     2 ||    11
       Distracted        |     1 |       |     2 |     8 |    17 ||    28
       Petrified         |       |       |       |       |     4 ||     4
Armor: Robe              |    16 |    14 |    17 |    59 |    81 ||   187
Dodge: Dodged            |    37 |    30 |   108 |   374 |   482 ||  1031
Block: Buckler           |       |       |       |       |    43 ||    43
       Other             |       |       |       |       |     9 ||     9
       Reflection        |       |       |       |       |     1 ||     1
       Rpst.: Scimitar   |       |       |       |       |    26 ||    26
